 Dungeon Crawl Stone Soup version 0.14.1-26-g5a19342 (webtiles) character file.

1122 Kae the Sneak (level 7, -2/32 HPs)
             Began as a Spriggan Enchanter on Aug 2, 2014.
             Killed from afar by Natasha (4 damage)
             ... with a magic dart
             ... on Level 4 of the Dungeon.
             The game lasted 00:08:18 (5588 turns).

Kae the Sneak (Spriggan Enchanter)                  Turns: 5588, Time: 00:08:19

HP  -2/32        AC  3     Str  6      XL: 7   Next: 88%
MP  14/22        EV 17     Int 16      God:
Gold 181         SH 14     Dex 17      Spells:  3 memorised, 10 levels left

rFire  . . .     SeeInvis +     b - +0 dagger
rCold  . . .     Clarity  .     f - +1 robe
rNeg   . . .     Conserve .     o - +1 buckler
rPois  .         rCorr    .     s - -1 hat
rElec  .         rRot     .     q - +0 cloak
SustAb . .       Spirit   .     (gloves unavailable)
rMut   .         Warding  .     (boots unavailable)
Saprov . . .     Stasis   .     (no amulet)
MR     +....                    (no ring)
                                (no ring)

@: very slightly contaminated, very quick, somewhat resistant to hostile
enchantments, very stealthy
A: unfitting armour, see invisible, herbivore 3, speed 3, slow metabolism 2
a: no special abilities


You were on level 4 of the Dungeon.
You were near starving.

You visited 1 branch of the dungeon, and saw 4 of its levels.
You also visited: Sewer.

You collected 181 gold pieces.

Inventory:

Hand weapons
 a - a +1,+1 dagger
 b - a +0,+0 dagger (weapon)
Missiles
 d - 12 darts (quivered)
Armour
 f - a +1 robe (worn)
 o - a +1 buckler (worn)
 q - a +0 cloak (worn)
 s - a -1 hat (worn)
Comestibles
 l - a slice of pizza
 m - 2 bread rations
Scrolls
 g - 2 scrolls of recharging
 k - 2 scrolls of identify {unknown}
 p - a scroll of teleportation {unknown}
 r - a scroll of enchant armour {unknown}
 u - a scroll of fog {unknown}
 x - a scroll of immolation {unknown}
 y - a scroll of remove curse {unknown}
Potions
 h - 2 potions of lignification {unknown}
 i - 4 potions of curing {unknown}
 j - 4 potions of heal wounds {unknown}
 n - a potion of brilliance {unknown}
 t - a potion of poison {unknown}
 v - a potion of haste {unknown}
 w - 5 potions of flight {unknown}
Books
 c - a book of Maledictions

   Spells                             Type                      Level
   *Corona                            Hexes                        1
   Sure Blade                         Hexes/Charms                 2
   *Ensorcelled Hibernation           Hexes/Ice                    2
   *Confuse                           Hexes                        3
   Enslavement                        Hexes                        4
   Invisibility                       Hexes                        6


   Skills:
 * Level 5.0 Short Blades
 - Level 1.1 Throwing
 - Level 3.0 Dodging
 * Level 7.5 Stealth
 * Level 2.7 Shields
 + Level 5.0 Spellcasting
 + Level 5.4 Hexes


You had 10 spell levels left.
You knew the following spells:

 Your Spells              Type           Power        Failure   Level  Hunger
a - Corona                Hex            ###....      1%          1    None
b - Ensorcelled Hibernat  Hex/Ice        ##....       10%         2    #......
c - Confuse               Hex            ###.....     6%          3    ###....


Dungeon Overview and Level Annotations

Branches:
Dungeon (4/15)
 Temple: D:4-7

Altars:
Xom
The Shining One

Annotations:
D:4 Natasha


Innate Abilities, Weirdness & Mutations

You are tiny and cannot use many weapons and most armour.
You have supernaturally acute eyesight.
You are a herbivore.
You cover ground extremely quickly.
You need consume almost no food.


Message History

Casting: Ensorcelled Hibernation
Confirm with . or Enter, or press ? or * to list all spells.
Aiming: Ensorcelled Hibernation
Press: ? - help, Shift-Dir - straight line, f/p - Natasha
Aim: Natasha (moderately wounded)
You miscast Ensorcelled Hibernation.
You are very lightly contaminated with residual magic.
You shiver with cold.
Natasha casts a spell at you. The magic dart hits you!
* * * LOW HITPOINT WARNING * * *
Casting: Ensorcelled Hibernation
Confirm with . or Enter, or press ? or * to list all spells.
Aiming: Ensorcelled Hibernation
Press: ? - help, Shift-Dir - straight line, f/p - Natasha
Aim: Natasha (moderately wounded) Natasha resists.
Natasha casts a spell at you. The magic dart hits you!
You die...

##'#####.......#.##.#.##.#.# #.
.....# #.#######.##.#.##.#.# #.
.....# #.#######....#....#.# ##
.....# #............######.######
.....# #............'............
.....# #............#######......
.....# #..................'......
.....# #.........h.....####..)...
.....###........@......# #......
.......#......[........# #......
##..##.#.#'###'#####...# ####+##
#...#.#.#.###)# #...# #.#
#.#.#...#..##.# #...# #.#
#.#.######.##.#####...#######.##
##...........).....'...'.........
.....##.....##.#####...#########.
.....##.....##.# #...# #####+


You could see Natasha.

Vanquished Creatures
  The ghost of hurdos the Poker, an average MfAK of Lugonu (Sewer)
  An ogre (D:4)
  2 big kobolds (Sewer)
  A jelly (D:3)
  A hound (D:4)
  An orc priest (D:4)
  Natasha (D:4)
  2 orc wizards (D:4)
  A worker ant (D:4)
  A killer bee zombie (D:3)
  8 adders
  3 gnolls (D:3)
  5 giant mites
  A green rat (Sewer)
  3 worms
  An adder skeleton (D:4)
  A giant eyeball (D:4)
  7 oozes
  8 orcs
  6 giant cockroaches
  11 hobgoblins
  5 jackals
  3 quokkas
  5 ball pythons (Sewer)
  13 bats
  5 giant geckos
  4 giant newts
  18 goblins
  11 kobolds
  14 rats
144 creatures vanquished.

Notes
Turn   | Place    | Note
--------------------------------------------------------------
     0 | D:1      | Kae, the Spriggan Enchanter, began the quest for the Orb.
     0 | D:1      | Reached XP level 1. HP: 9/9 MP: 4/4
   278 | D:1      | Reached XP level 2. HP: 8/13 MP: 7/7
   371 | D:1      | Learned a level 2 spell: Ensorcelled Hibernation
   977 | D:1      | Reached skill level 4 in Hexes
   977 | D:1      | Reached XP level 3. HP: 16/16 MP: 10/10
  1818 | D:2      | Reached XP level 4. HP: 10/21 MP: 10/13
  2281 | D:2      | Learned a level 3 spell: Confuse
  2537 | D:3      | Reached XP level 5. HP: 12/24 MP: 4/16
  2686 | D:3      | Found a shimmering altar of Xom.
  2722 | D:3      | Found a glowing golden altar of the Shining One.
  3156 | D:3      | Found a glowing drain.
  3240 | Sewer    | Entered a sewer
  3378 | Sewer    | Reached skill level 5 in Stealth
  3382 | Sewer    | Reached skill level 1 in Shields
  3428 | Sewer    | Noticed hurdos' ghost (average MfAK)
  3445 | Sewer    | Killed hurdos' ghost
  3445 | Sewer    | Reached skill level 5 in Hexes
  3445 | Sewer    | Reached XP level 6. HP: 28/28 MP: 7/20
  3534 | Sewer    | Reached skill level 6 in Stealth
  3534 | Sewer    | Reached XP level 7. HP: 27/32 MP: 12/21
  4606 | D:4      | Reached skill level 7 in Stealth
  5387 | D:4      | Reached skill level 5 in Short Blades
  5445 | D:4      | Noticed Natasha
  5455 | D:4      | Killed Natasha
  5455 | D:4      | Reached skill level 5 in Spellcasting
  5580 | D:4      | Noticed Natasha
  5588 | D:4      | Killed from afar by Natasha

Action                   |  1- 3 |  4- 6 |  7- 9 || total
-------------------------+-------+-------+-------++-------
Melee: Dagger            |   188 |   139 |   125 ||   452
Throw: Dart              |       |     1 |       ||     1
 Cast: Corona            |     2 |       |       ||     2
       Ensorcelled Hiber |     9 |    49 |    57 ||   115
       Confuse           |       |     4 |     6 ||    10
  Use: Potion            |       |     1 |       ||     1
       Scroll            |       |       |     3 ||     3
 Stab: Sleeping          |    16 |    32 |    36 ||    84
       Confused          |       |     4 |     2 ||     6
       Distracted        |       |       |     1 ||     1
       Fleeing           |       |       |     1 ||     1
